[Event "Fagernes Chess Open 2024"]
[Site "Fagernes"]
[Date "2024.03.31"]
[Round "9.1"]
[White "Kittilsen, Sigurd"]
[Black "Strand, Amund Pihl"]
[Result "1/2-1/2"]
[ECO "B45"]
[WhiteElo "1910"]
[BlackElo "1860"]
[Annotator "TA"]
[PlyCount "33"]
[EventDate "2024.03.25"]
[EventType "swiss"]
[EventCountry "NOR"]
[SourceTitle "playchess.com"]
[Source "ChessBase"]
[SourceQuality "1"]
[TimeControl "40/6000+30:2400+30"]

1. e4 c5 2. Nf3 e6 3. d4 cxd4 4. Nxd4 Nf6 5. Nc3 Nc6 6. Ndb5 Bc5 7. Nd6+ Ke7 8. Nxc8+ (8. Bf4 {feels hotter.} e5 9. Nf5+ Kf8 10. Bg5) 8... Rxc8 9. Bd3 {[%emt 0:05:28] The position is equal.} h6 10. O-O Re8 11. Na4 Ne5 (11... Bd6 $11) 12. Nxc5 $16 Rxc5 13. Be3 Nxd3 (13... Rc8 $14) 14. cxd3 (14. Qxd3 $142 Rh5 15. Bf4 (15. Bxa7 Qc7 $14)) 14... Rc6 15. Qa4 (15. Bxa7 b6 16. Rc1 Qc7 17. Rxc6 dxc6 $19) 15... Qa8 16. Qa3+ ({And not} 16. Bxa7 d6 17. e5 Nd5 $17 (17... dxe5 18. Qb4+ Kd7 19. Be3 $11)) 16... d6 17. Bd4 {[%emt 0:13:53] Weighted Error Value: White=0.15 (very precise) /Black=0.21 (precise) .  Mistake:       	White=1     	Black=2      Inaccurate:     	White=2     	---        OK:         	White=5     	Black=3      Best:        	---       	Black=1} (17. Bxa7 $2 {too greedy.} Ra6 18. Qb4 Qxa7 $19 (18... Rxa7 $2 19. e5 $19)) 1/2-1/2

[Event "Fagernes Chess Open 2024"]
[Site "Fagernes"]
[Date "2024.03.31"]
[Round "9.2"]
[White "Hausken, Andreas Skrede"]
[Black "Sending, Stale Andre"]
[Result "1-0"]
[ECO "C41"]
[WhiteElo "1963"]
[BlackElo "1959"]
[Annotator "NA RC"]
[PlyCount "65"]
[EventDate "2024.03.25"]
[EventType "swiss"]
[EventCountry "NOR"]
[SourceTitle "playchess.com"]
[Source "ChessBase"]
[SourceQuality "1"]
[TimeControl "40/6000+30:2400+30"]

1. e4 d6 2. d4 Nf6 3. Nc3 Nbd7 4. Nf3 e5 5. h3 Be7 6. g4 h6 7. Be3 c6 8. Qd2 b5 9. Bd3 Qc7 10. Ne2 a6 11. Ng3 d5 12. O-O-O Bd6 13. dxe5 Nxe5 14. Nxe5 Bxe5 15. f4 d4 16. fxe5 dxe3 17. Qc3 Nd7 18. Nf5 Nxe5 19. Nxg7+ Kf8 20. Nh5 c5 21. Be2 Be6 22. Qxe3 Bxa2 23. Qf2 Qe7 24. b3 c4 25. Kb2 cxb3 26. cxb3 Bxb3 27. Kxb3 a5 28. Qd4 a4+ 29. Ka2 Rc8 30. Bxb5 Qe6+ 31. Qd5 Rc2+ 32. Kb1 Qxd5 33. Rxd5 1-0

[Event "Fagernes Chess Open 2024"]
[Site "Fagernes"]
[Date "2024.03.31"]
[Round "9.3"]
[White "Andersen, Dag"]
[Black "Halvorsen, Benjamin"]
[Result "1/2-1/2"]
[ECO "A47"]
[WhiteElo "1899"]
[BlackElo "1848"]
[Annotator "NA RC COMBH"]
[PlyCount "37"]
[EventDate "2024.03.25"]
[EventType "swiss"]
[EventCountry "NOR"]
[SourceTitle "playchess.com"]
[Source "ChessBase"]
[SourceQuality "1"]
[TimeControl "40/6000+30:2400+30"]

1. d4 Nf6 2. Nf3 e6 3. Bg5 d5 4. e3 Be7 5. Bd3 O-O 6. Nbd2 c5 7. c3 b6 8. Qe2 Nc6 9. O-O Bb7 10. Rfe1 Nd7 11. Bxe7 Qxe7 12. Rad1 Rad8 13. Bb1 Rfe8 14. e4 dxe4 15. Nxe4 cxd4 16. Nxd4 Nf6 17. Nxf6+ Qxf6 18. Nxc6 Bxc6 19. Qg4 1/2-1/2

[Event "Fagernes Chess Open 2024"]
[Site "Fagernes"]
[Date "2024.03.31"]
[Round "9.4"]
[White "Nordahl, Christine"]
[Black "Spanton, Tim R"]
[Result "1/2-1/2"]
[ECO "D02"]
[WhiteElo "1673"]
[BlackElo "1876"]
[Annotator "NA RC COMBH"]
[PlyCount "92"]
[EventDate "2024.03.25"]
[EventType "swiss"]
[EventCountry "NOR"]
[SourceTitle "playchess.com"]
[Source "ChessBase"]
[SourceQuality "1"]
[TimeControl "40/6000+30:2400+30"]

1. d4 d5 2. Nf3 Nc6 3. Bf4 e6 4. e3 Bd6 5. Bg3 Nf6 6. c4 Ne4 7. Bxd6 Qxd6 8. Nc3 Nxc3 9. bxc3 O-O 10. Rb1 b6 11. cxd5 exd5 12. Qc2 Bg4 13. Ng5 Qg6 14. Qxg6 hxg6 15. Bd3 f6 16. h3 Bd7 17. Nf3 Ne7 18. c4 Be6 19. Nd2 dxc4 20. Bxc4 Bxc4 21. Nxc4 Rac8 22. Ke2 c5 23. Nd6 Rc6 24. dxc5 Rxc5 25. Rhc1 Rd5 26. Nb5 Rfd8 27. Nd4 Nf5 28. Rc7 Nxd4+ 29. exd4 R8d7 30. Rxd7 Rxd7 31. Kd3 Kf7 32. Re1 Re7 33. Rxe7+ Kxe7 34. Kc4 a6 35. Kd5 Kd7 36. a4 g5 37. g3 f5 38. f4 gxf4 39. gxf4 g6 40. h4 Kc7 41. Ke6 b5 42. axb5 axb5 43. Kd5 Kb6 44. Ke6 Kc7 45. Ke7 Kc6 46. Ke6 Kc7 1/2-1/2

[Event "Fagernes Chess Open 2024"]
[Site "Fagernes"]
[Date "2024.03.31"]
[Round "9.5"]
[White "Rolstad, Morten"]
[Black "Yilmaz, Kazim"]
[Result "1/2-1/2"]
[ECO "C55"]
[WhiteElo "1879"]
[BlackElo "1805"]
[Annotator "NA RC COMBH"]
[PlyCount "128"]
[EventDate "2024.03.25"]
[EventType "swiss"]
[EventCountry "NOR"]
[SourceTitle "playchess.com"]
[Source "ChessBase"]
[SourceQuality "1"]
[TimeControl "40/6000+30:2400+30"]

1. e4 e5 2. Nf3 Nc6 3. Bc4 Bc5 4. O-O Nf6 5. d3 d6 6. c3 Bg4 7. h3 Bh5 8. Re1 O-O 9. Nbd2 d5 10. exd5 Nxd5 11. Ne4 Be7 12. Ng3 {[%emt 0:05:06] C55: Two Knights: 4 d3, 4 d4 exd4 5 e5 and Max Lange Attack.} Bxf3 13. Qxf3 Nb6 14. Bb3 Bg5 15. Nf5 Bxc1 16. Raxc1 Qf6 17. Re3 Kh8 18. Rce1 g6 19. Nd4 Qxf3 20. Nxf3 f6 21. d4 exd4 22. Nxd4 Nxd4 23. cxd4 Rad8 24. Re7 Rd7 25. Rxd7 Nxd7 26. Re7 Rd8 27. Be6 Nf8 28. d5 c6 29. dxc6 bxc6 30. Bb3 Rd7 31. Re8 Kg7 32. Rc8 g5 33. Rxc6 Ng6 34. Bc2 Nf4 35. Bb3 h5 36. Bc4 Rd1+ 37. Kh2 Rd2 38. Kg3 h4+ 39. Kf3 Ng6 40. Rc7+ Kh8 41. Bb3 Ne5+ 42. Ke3 Rxb2 43. Rxa7 Rb1 44. Ke4 Rb2 45. f4 gxf4 46. Kf5 Rxg2 47. Kxf6 Re2 48. Kg5 Rg2+ 49. Kxf4 Nd3+ 50. Kf5 Nf2 51. Ra4 Kg7 52. Rxh4 Rg3 53. Kf4 Rd3 54. Be6 Rd4+ 55. Kg5 Ne4+ 56. Kh5 Nf6+ 57. Kg5 Nh7+ 58. Rxh7+ Kxh7 59. Kf6 Ra4 60. Ke5 Kh6 61. Kd6 Kh5 62. Kc5 Kh4 63. Kb5 Rxa2 64. Bxa2 Kxh3 $11 1/2-1/2

[Event "Fagernes Chess Open 2024"]
[Site "Fagernes"]
[Date "2024.03.31"]
[Round "9.6"]
[White "Ali, Karim"]
[Black "Brattgjerd, August Minh"]
[Result "0-1"]
[ECO "C00"]
[WhiteElo "1855"]
[BlackElo "1689"]
[Annotator "NA RC COMBH"]
[PlyCount "44"]
[EventDate "2024.03.25"]
[EventType "swiss"]
[EventCountry "NOR"]
[SourceTitle "playchess.com"]
[Source "ChessBase"]
[SourceQuality "1"]
[TimeControl "40/6000+30:2400+30"]

1. e4 e6 2. d3 d5 3. Nd2 Nf6 4. Ngf3 c5 5. g3 Nc6 6. Bg2 Be7 7. O-O O-O 8. Re1 Qc7 9. c3 dxe4 10. dxe4 Rd8 11. Qc2 b6 12. Nf1 Ba6 13. e5 Nd5 14. Bg5 h6 15. Bxe7 Ndxe7 16. Rad1 Rxd1 17. Rxd1 Ng6 18. Re1 Rd8 19. Qe4 Bb7 20. Qe3 Qd7 21. N1d2 Ncxe5 22. Nxe5 Nxe5 0-1

[Event "Fagernes Chess Open 2024"]
[Site "Fagernes"]
[Date "2024.03.31"]
[Round "9.7"]
[White "Sushrutha, Reddy"]
[Black "Nordahl, Frederik"]
[Result "1-0"]
[ECO "B12"]
[WhiteElo "1707"]
[BlackElo "1675"]
[Annotator "NA RC COMBH"]
[PlyCount "97"]
[EventDate "2024.03.25"]
[EventType "swiss"]
[EventCountry "NOR"]
[SourceTitle "playchess.com"]
[Source "ChessBase"]
[SourceQuality "1"]
[TimeControl "40/6000+30:2400+30"]

1. e4 c6 2. d4 d5 3. e5 c5 4. dxc5 e6 5. b4 Bd7 6. a3 a5 7. Bb2 axb4 8. axb4 Rxa1 9. Bxa1 b6 10. Bd4 bxc5 11. bxc5 Nc6 12. Nf3 Nxd4 13. Qxd4 Qa5+ 14. Qc3 Qxc5 15. Bd3 Qxc3+ 16. Nxc3 Bb4 17. Kd2 Ne7 18. Rb1 Bxc3+ 19. Kxc3 O-O 20. Rb7 Rd8 21. Nd4 h6 22. f4 Kf8 23. g3 h5 24. Kb2 g6 25. Kc1 Ke8 26. Kd2 Nf5 27. Nf3 Kf8 28. Ng5 Kg8 29. Ke2 Be8 30. Kf2 Rc8 31. Ke2 Rd8 32. Kd2 Rc8 33. Kc1 Rd8 34. Kb2 Rc8 35. Kb3 Nd4+ 36. Kb2 Nf5 37. Rb4 Ra8 38. c4 dxc4 39. Bxc4 Ng7 40. Rb6 Rd8 41. Ne4 Kf8 42. Kc3 Ra8 43. Bd3 Rc8+ 44. Kd2 Ra8 45. Nd6 Ra2+ 46. Kc3 Ra3+ 47. Kc2 Ra8 48. Be4 Rc8+ 49. Nxc8 1-0

[Event "Fagernes Chess Open 2024"]
[Site "Fagernes"]
[Date "2024.03.31"]
[Round "9.8"]
[White "Agustsson, Hafsteinn"]
[Black "Damiano, Sophie"]
[Result "1-0"]
[ECO "B10"]
[WhiteElo "1825"]
[BlackElo "1691"]
[Annotator "NA RC COMBH"]
[PlyCount "101"]
[EventDate "2024.03.25"]
[EventType "swiss"]
[EventCountry "NOR"]
[SourceTitle "playchess.com"]
[Source "ChessBase"]
[SourceQuality "1"]
[TimeControl "40/6000+30:2400+30"]

1. e4 c6 2. d3 d5 3. Nd2 e5 4. Ngf3 Bd6 5. d4 exd4 6. exd5 cxd5 7. Nxd4 Nc6 8. N2f3 Nge7 9. Be2 O-O 10. O-O a6 11. a3 Qc7 12. g3 Bh3 13. Re1 h6 14. b4 Nxd4 15. Nxd4 Nc6 16. Bf3 Rfe8 17. Be3 Be5 18. Qd2 Rad8 19. c3 Qd6 20. Nxc6 bxc6 21. Bd4 Qf6 22. Bg2 Bxg2 23. Kxg2 Bxd4 24. Qxd4 Qxd4 25. cxd4 Re4 26. Rac1 Rd6 27. Rcd1 Rde6 28. Rxe4 dxe4 29. Rc1 e3 30. fxe3 Rxe3 31. Rxc6 Rxa3 32. Rc8+ Kh7 33. Rc6 Rb3 34. Rb6 Rd3 35. Rxa6 Rxd4 36. Rb6 f6 37. Rb8 Kg6 38. b5 Rb4 39. Kf3 Kf5 40. b6 Ke6 41. b7 Kd7 42. Rg8 Rxb7 43. Rxg7+ Kc8 44. Rxb7 Kxb7 45. Kf4 Kc6 46. Kf5 Kd7 47. Kxf6 Ke8 48. Kg6 h5 49. Kxh5 Kf7 50. Kg5 Kg7 51. Kf5 1-0

[Event "Fagernes Chess Open 2024"]
[Site "Fagernes"]
[Date "2024.03.31"]
[Round "9.9"]
[White "Shehzad, Alina"]
[Black "Skogholt, Steinar Dieseth"]
[Result "1/2-1/2"]
[ECO "B13"]
[WhiteElo "1670"]
[BlackElo "1611"]
[Annotator "NA RC COMBH"]
[PlyCount "43"]
[EventDate "2024.03.25"]
[EventType "swiss"]
[EventCountry "NOR"]
[SourceTitle "playchess.com"]
[Source "ChessBase"]
[SourceQuality "1"]
[TimeControl "40/6000+30:2400+30"]

1. e4 c6 2. d4 d5 3. exd5 cxd5 4. Bd3 Nc6 5. c3 Nf6 6. Bf4 Bg4 7. Qb3 Qc8 8. Nd2 e6 9. Ngf3 Bh5 10. O-O Bg6 11. Bxg6 hxg6 12. h3 Be7 13. Rfe1 O-O 14. Ne5 Nxe5 15. Bxe5 Nd7 16. Bg3 Nb6 17. Re2 Qd7 18. Nf3 Nc4 19. Ne5 Nxe5 20. Bxe5 b6 21. Rae1 Bd6 22. Bxd6 1/2-1/2

[Event "Fagernes Chess Open 2024"]
[Site "Fagernes"]
[Date "2024.03.31"]
[Round "9.10"]
[White "Lahlum, Ida"]
[Black "Smedsrud, Morten S"]
[Result "1-0"]
[ECO "A07"]
[WhiteElo "1755"]
[BlackElo "1668"]
[Annotator "NA RC COMBH"]
[PlyCount "81"]
[EventDate "2024.03.25"]
[EventType "swiss"]
[EventCountry "NOR"]
[SourceTitle "playchess.com"]
[Source "ChessBase"]
[SourceQuality "1"]
[TimeControl "40/6000+30:2400+30"]

1. Nf3 d5 2. g3 Bf5 3. d3 Nf6 4. Bg2 Nbd7 5. Nbd2 e5 6. O-O Bd6 7. Re1 Be6 8. c4 c6 9. h3 Nf8 10. b3 Ng6 11. Bb2 Qd7 12. Ng5 h6 13. Nxe6 fxe6 14. Rc1 Qf7 15. e3 Kd7 16. d4 e4 17. c5 Bc7 18. b4 a6 19. a4 Ne7 20. Qe2 h5 21. Ra1 Nf5 22. b5 axb5 23. axb5 Ke7 24. b6 Rxa1 25. Rxa1 Bb8 26. Qe1 Nd7 27. Nb3 Qe8 28. Qa5 Qc8 29. Qa8 Bxg3 30. Qxc8 Bxf2+ 31. Kxf2 Rxc8 32. Ra7 Rf8 33. Ke2 Ng3+ 34. Ke1 Nf5 35. Bc1 e5 36. Rxb7 exd4 37. Nxd4 Nxd4 38. exd4 Rc8 39. Bf4 Ke6 40. Rxd7 Kxd7 41. b7 1-0